 Dungeon Sprint DCSS version 0.28-b1-1-g3c77fb2ed1 (webtiles) character file.

Game seed: 7494043448591226713

1658 boopmooplesden the Blocker (level 8, -3/83 HPs)
             Began as a Minotaur Fighter on Jan 28, 2022.
             Slain by a flying skull (7 damage)
             ... in the Dungeon (Sprint II: "The Violet Keep of Menkaure").
             The game lasted 00:02:24 (675 turns).

boopmooplesden the Blocker (Minotaur Fighter)        Turns: 675, Time: 00:02:25

Health: -3/83      AC:  9    Str: 23    XL:     8   Next: 68%
Magic:  7/7        EV:  9    Int:  9    God:
Gold:   464        SH: 10    Dex:  6    Spells: 7/7 levels left

rFire   . . .      SeeInvis .   k - +2 morningstar "Tuijiepn" {vorpal, rPois rCorr Int+4 Dex-4}
rCold   . . .      Faith    .   d - +0 kite shield
rNeg    . . .      Spirit   .   b - +0 scale mail
rPois   +          Reflect  .   (helmet restricted)
rElec   .          Harm     .   (no cloak)
rCorr   +          Rampage  .   (no gloves)
Will    .....      NoTele   +   (no boots)
Stlth   ..........              (no amulet)
HPRegen 0.23/turn               (no ring)
MPRegen 0.10/turn               (no ring)

@: on berserk cooldown, slowed, unable to read, very slow
A: horns 2, retaliatory headbutt, talons 1, inability to read while threatened
a: no special abilities


You were in the Dungeon.
You visited 1 branch You collected 729 gold pieces.
You spent 265 gold pieces at shops.

Inventory:

Hand Weapons
 a - a +0 long sword
 k - the +2 morningstar "Tuijiepn" (weapon) {vorpal, rPois rCorr Int+4 Dex-4}
   (You bought it in a shop in the Dungeon)

   It inflicts extra damage upon your enemies.
   Int:       It affects your intelligence (+4).
   Dex:       It affects your dexterity (-4).
   rPois:     It protects you from poison.
   rCorr:     It protects you from acid and corrosion.
Armour
 b - a +0 scale mail (worn)
 c - a +0 buckler
 d - a +0 kite shield (worn)
Scrolls
 j - a scroll of blinking
Potions
 e - a potion of curing
 f - a potion of heal wounds
 g - a potion of haste
 h - 2 potions of magic


   Skills:
 + Level 12.1 Fighting
 + Level 11.2 Long Blades
 + Level 1.9 Maces & Flails
 + Level 12.2 Armour
 + Level 2.0 Dodging
 + Level 0.3 Stealth
 + Level 12.5 Shields


You had 7 spell levels left.
You didn't know any spells.
Your spell library was empty.

Dungeon Overview and Level Annotations

Branches:
Dungeon (1/1)

Altars:
Fedhas
Gozag
Nemelex Xobeh
Okawaru

Shops:
D !!:?=:(=[[=[[?[

Annotations:
D exclusion: oklob plant


Innate Abilities, Weirdness & Mutations

You have a pair of horns on your head.
You reflexively headbutt those who attack you in melee.
You have sharp toenails.
You sometimes lose the ability to read scrolls when taking damage.


Message History

Your headbutt misses the flying skull. The flying skull closely misses you. x2
You block the flying skull's attack. The flying skull barely misses you.
You furiously retaliate!
You headbutt the flying skull! You barely miss the flying skull.
Your kick misses the flying skull.
You can read scrolls again.
You block the flying skull's attack.
The flying skull hits you but does no damage.
You block the flying skull's attack.
You miss the flying skull. Your kick misses the flying skull.
Your headbutt misses the flying skull.
The flying skull hits you but does no damage.
You block the flying skull's attack. The flying skull barely misses you.
You closely miss the flying skull. Your kick misses the flying skull.
You block the flying skull's attack. x2; The flying skull hits you!
You feel threatened and lose the ability to read scrolls!
* * * LOW HITPOINT WARNING * * *
You miss the flying skull.
The flying skull hits you but does no damage.
You block the flying skull's attack. The flying skull barely misses you.
You closely miss the flying skull. You claw the flying skull.
The flying skull is lightly damaged.
The flying skull misses you. You furiously retaliate!
You headbutt the flying skull, but do no damage.
You block the flying skull's attack. The flying skull misses you.
You furiously retaliate!
You headbutt the flying skull! The flying skull hits you!
* * * LOW HITPOINT WARNING * * *
You impale the flying skull!!
You destroy the flying skull!
The flying skull hits you but does no damage.
You block the flying skull's attack.
Your Long Blades skill increases to level 11!
Your Dodging skill increases to level 2!
You sock the flying skull!
You headbutt the flying skull, but do no damage.
The flying skull is severely damaged.
You are no longer berserk.
You are exhausted.
You feel yourself slow down. The flying skull hits you!
You die... ## . ≈## .○ #####≈≈#+++#+++# ####≈≈≈... .... ...#≈≈≈≈.## ##.. ..∩#≈≈≈≈##. .##.#### .∩.#≈≈≈≈#.. ..#.@zz# ∩.∩#≈≈### B#B

###zz##
.∩.#≈##.###+###.##z.#
∩..#≈#...##.##.#.#z.#
...'≈'.##'.<.'###'..###
...#≈#...##.##.#.#....###...
▓###≈##.###'###.##......≈≈≈≈
####≈≈####...####≈≈...§.≈#+#
##≈≈≈#..##.#≈≈≈≈≈≈≈..≈#_.


You could see 6 flying skulls.

Vanquished Creatures
  A blink frog (D)
  A flying skull (D)
  2 wyverns (D)
  4 neqoxecs (D)
  Menkaure (D)
  A water moccasin (D)
  4 necrophages (D)
14 creatures vanquished.

Vanquished Creatures (others)
  A water moccasin (D)
1 creature vanquished.

Grand Total: 15 creatures vanquished

Notes
Turn   | Place    | Note
-------+----------+-------------------------------------------
     0 | D        | boopmooplesden the Minotaur Fighter began the quest for the
                  | Orb.
     0 | D        | Reached XP level 1. HP: 19/19 MP: 0/0
     1 | D        | Noticed a necrophage
     1 | D        | Noticed a necrophage
     1 | D        | Noticed a necrophage
     1 | D        | Noticed a necrophage
     6 | D        | Killed a necrophage
     7 | D        | Reached XP level 2. HP: 25/31 MP: 1/1
     7 | D        | Reached XP level 3. HP: 30/38 MP: 2/2
     7 | D        | Reached XP level 4. HP: 36/45 MP: 3/3
     8 | D        | Killed a necrophage
     9 | D        | Reached XP level 5. HP: 43/53 MP: 4/4
    12 | D        | Killed a necrophage
    13 | D        | Reached skill level 5 in Long Blades
    16 | D        | Killed a necrophage
    17 | D        | Reached XP level 6. HP: 50/64 MP: 5/5
    26 | D        | Killed a water moccasin
    84 | D        | Noticed a boulder beetle
    84 | D        | Noticed a boulder beetle
    87 | D        | Noticed a wyvern
    87 | D        | Noticed a wyvern
    90 | D        | Noticed a neqoxec
    90 | D        | Noticed a neqoxec
    90 | D        | Noticed a neqoxec
    90 | D        | Noticed a neqoxec
    92 | D        | Gained mutation: You have sharp toenails. [a neqoxec]
    97 | D        | Killed a neqoxec
    98 | D        | Reached skill level 10 in Fighting
    98 | D        | Reached skill level 10 in Armour
    98 | D        | Reached skill level 10 in Shields
    98 | D        | Gained mutation: You sometimes lose the ability to read
                  | scrolls when taking damage. [a neqoxec]
   105 | D        | Killed a neqoxec
   106 | D        | Reached XP level 7. HP: 68/73 MP: 6/6
   115 | D        | Killed a neqoxec
   116 | D        | Reached skill level 1 in Dodging
   120 | D        | Killed a neqoxec
   137 | D        | Found Jan Dor's Jewellery Shop.
   137 | D        | Found Peumi's Jewellery Boutique.
   137 | D        | Found Ugyareall's Antique Armour Shop.
   137 | D        | Found Gaanoq's Armour Boutique.
   137 | D        | Found Siegheon's Antique Armour Shop.
   137 | D        | Found Pelecri's Antique Armour Boutique.
   137 | D        | Found Itir Cumu's Antique Armour Boutique.
   137 | D        | Found Fupriyde's Magic Scroll Boutique.
   138 | D        | Found Arifabb's Antique Weapon Shop.
   138 | D        | Found Qikaaf's Book Boutique.
   170 | D        | Noticed Menkaure
   173 | D        | Killed Menkaure
   174 | D        | Reached XP level 8. HP: 34/82 MP: 7/7
   391 | D        | Found Ruowiept's Jewellery Boutique.
   391 | D        | Found Hon Zipu's Magic Scroll Shop.
   391 | D        | Noticed an oklob plant
   395 | D        | Noticed a flying skull
   395 | D        | Noticed a flying skull
   395 | D        | Noticed a flying skull
   396 | D        | Noticed a blink frog
   396 | D        | Noticed a flying skull
   404 | D        | Noticed a great orb of eyes
   405 | D        | Found Ysaomp's Distillery.
   405 | D        | Found Nexokuc's Distillery.
   405 | D        | Found Awa Cour's Book Shoppe.
   410 | D        | Killed a blink frog
   411 | D        | Reached skill level 10 in Long Blades
   416 | D        | Bought a kite shield for 76 gold pieces
   432 | D        | Bought a slimy morningstar for 189 gold pieces
   432 | D        | Identified the +2 morningstar "Tuijiepn" {vorpal, rPois
                  | rCorr Int+4 Dex-4} (You bought it in a shop in the Dungeon)
   570 | D        | Reached skill level 1 in Maces & Flails
   655 | D        | Noticed a flying skull
   656 | D        | Found an iron altar of Okawaru.
   656 | D        | Found an opulent altar of Gozag.
   656 | D        | Noticed a flying skull
   656 | D        | Noticed a flying skull
   657 | D        | Found a sparkling altar of Nemelex Xobeh.
   657 | D        | Found a blossoming altar of Fedhas.
   657 | D        | Noticed a flying skull
   673 | D        | HP: 6/124 [flying skull (9)]
   674 | D        | Killed a flying skull
   675 | D        | Slain by a flying skull

Illustrated notes

Levels and vault maps discovered:
D:        the_violet_keep_of_menkaure [sprint2_stairs_cluster_1,
          sprint2_shoproom, sprint2_temple, sprint2_basic_supplies,
          sprint2_obstacle_1, sprint2_obstacle_4, sprint2_obstacle_3,
          sprint2_obstacle_2, sprint2_obstacle_6, sprint2_timed_cluster_1,
          sprint2_smallroom_cluster_1, sprint2_smallroom_final_cluster_1,
          sprint2_transparent_cluster_1, sprint2_second_timed_cluster_1,
          sprint2_sniper_area_1, sprint2_heavy_combat_area_1,
          sprint2_mutation_trap_area_1, sprint2_forest_area_1,
          sprint2_light_combat_area_1, sprint2_behind_water_1,
          sprint2_near_end_vault_1]

Skill      XL: |  1  2  3  4  5  6  7  8 |
---------------+-------------------------+-----
Fighting       | 6 7 9 10 11 12 | 12.1
Long Blades    | 4 6 7 9 11 | 11.2
Armour         | 6 7 9 10 11 12 | 12.2
Shields        | 6 7 9 10 11 12 | 12.5
Dodging        | 1 2 |  2.0
Maces & Flails | 1 |  1.9
Stealth        | |  0.3

Action                   |  1- 3 |  4- 6 |  7- 9 || total
-------------------------+-------+-------+-------++-------
Melee: Long sword        |     2 |    25 |    28 ||    55
       Headbutt          |     1 |     6 |     5 ||    12
       Kick              |       |     3 |     8 ||    11
       Morningstar       |       |       |    21 ||    21
  Use: Potion            |     1 |       |     1 ||     2
Armor: Scale mail        |       |     4 |    13 ||    17
Dodge: Dodged            |     1 |     9 |    23 ||    33
Block: Buckler           |     1 |     5 |    10 ||    16
       Kite shield       |       |       |    21 ||    21
